cohdb
Replays
Latest Replays
All Replays
Popular Replays
Top Player Replays
Match Explorer
How It Works
Community
CoH3 Stats
Reddit
Sign in to upload your games and track your stats! →
Sign in with Steam
Match 43532340
Unlisted
Match 43532340
Overview
Messages
Build Orders
End
Kettenkrad Recon Vehicle
Construct Infanterie Kompanie
Selects Mechanized Battlegroup
Grenadier Squad
MG 42 Machine Gun Team
Grenadier Squad
Construct Luftwaffe Kompanie
Jäger Squad
Selects Mobile Repair Stations
221 Scout Car
Jäger Squad
Selects Raid Package
Luftwaffe Officer Quarters
Jäger Squad
Jäger Squad
Selects StuG Assault Group
StuG Assault Group
Selects Wespe Self-propelled Artillery
Wespe Self-propelled Artillery
Medical Bunker
Wespe Self-propelled Artillery
Selects Panther Heavy Tank
Panther Heavy Tank
Construct Panzergrenadier Kompanie
Pioneer Squad
Selects Zeroing Artillery Barrage
Kettenkrad Recon Vehicle
Panther Heavy Tank
Gatom
Traanquheal
bigcheese
Skryme
Archi [★★★]
Panda Le GaY's
0
0
Comments
sign in to comment!
No comments posted yet!